 Dungeon Crawl Stone Soup version 0.30-a0-364-gf6b3ef1049 (webtiles) character file.

Game seed: 18058567134865526434

360 AeshMezareph the Trooper (level 6, 0/40 HPs)
             Began as a Gargoyle Fighter on Nov 14, 2022.
             Killed by divine providence
             ... invoked by an orc priest
              (16 damage)
             ... on level 4 of the Dungeon.
             The game lasted 00:08:06 (2786 turns).

AeshMezareph the Trooper (Gargoyle Fighter)         Turns: 2786, Time: 00:08:06

Health: 0/40       AC: 19    Str: 27    XL:     6   Next: 65%
Magic:  6/6        EV:  7    Int:  9    God:
Gold:   122        SH:  4    Dex:  9    Spells: 5/5 levels left

rFire   . . .      SeeInvis .    a - +0 flail
rCold   + . .      Faith    .    c - +0 buckler
rNeg    + . .      Spirit   .    A - +0 plate armour
rPois   ∞          Reflect  .    y - +2 hat
rElec   +          Harm     .    (no cloak)
rCorr   .          Rampage  .    l - +0 pair of gloves
Will    .....                    (no boots)
Stlth   ..........               (no amulet)
HPRegen 0.26/turn                h - +6 ring of strength
MPRegen 0.10/turn                b - ring of protection from cold

@: no status effects
A: sickness immunity, AC +4, negative energy resistance 1, electricity
resistance, torment resistance 1, petrification resistance
a: no special abilities


You were on level 4 of the Dungeon.
You visited 1 branch of the dungeon, and saw 4 of its levels.
You also visited: Sewer.

You collected 122 gold pieces.

Inventory:

Hand Weapons
 a - a +0 flail (weapon)
Missiles
 q - a throwing net (quivered)
 u - 4 poisoned darts
Armour
 c - a +0 buckler (worn)
 l - a +0 pair of gloves (worn)
 m - a +0 chain mail
 y - a +2 hat (worn)
 A - a +0 plate armour (worn)
Jewellery
 b - a ring of protection from cold (right hand)
 h - a +6 ring of strength (left hand)
 t - a ring of willpower
Wands
 w - a wand of flame (18)
 x - a wand of paralysis (15)
Scrolls
 e - 3 scrolls of identify {unknown}
 j - 2 scrolls of butterflies {unknown}
 k - 2 scrolls of summoning {unknown}
 n - a scroll of acquirement {unknown}
 r - 3 scrolls of teleportation {unknown}
 s - a scroll of fear {unknown}
 v - a scroll of magic mapping {unknown}
 D - a scroll of brand weapon {unknown}
 E - a scroll of immolation {unknown}
Potions
 d - 3 potions of might
 f - a potion of mutation {unknown}
 g - 4 potions of haste {unknown}
 i - a potion of resistance {unknown}
 o - a potion of curing {unknown}
 p - 4 potions of heal wounds {unknown}
 z - 2 potions of brilliance {unknown}
 B - a potion of degeneration {unknown}
 C - a potion of invisibility {unknown}


   Skills:
 + Level 4.9 Fighting
 + Level 3.8 Maces & Flails
 + Level 4.8 Armour
 + Level 4.8 Shields


You had 5 spell levels left.
You didn't know any spells.
Your spell library contained the following spells:

 Spells                   Type           Power      Damage    Failure   Level
 Blink                    Tloc           0%         N/A       100%        2
 Momentum Strike          Conj/Tloc      0%         3d8       100%        2
 Dazzling Flash           Conj/Hex       0%         N/A       100%        3
 Lesser Beckoning         Tloc           0%         N/A       100%        3
 Petrify                  Tmut/Erth      0%         N/A       100%        4
 Agony                    Necr           0%         N/A       100%        5
 Irradiate                Conj/Tmut      0%         3d11      100%        5
 Silence                  Hex/Air        0%         N/A       100%        5
 Sublimation of Blood     Necr           Unusable   N/A       N/A         2

Dungeon Overview and Level Annotations

Branches:
Dungeon (4/15)              Sewer (visited)
 Temple: D:4-7

Altars:
Cheibriados
Gozag
Wu Jian


Innate Abilities, Weirdness & Mutations

You are immune to sickness and miasma.
Your stone body is resilient. (AC +4)
You are immune to poison.
You resist negative energy. (rN+)
You are resistant to electric shocks. (rElec)
You are resistant to unholy torment.
You are immune to petrification.


Message History

The orc priest hits you but does no damage.
The orc hits you but does no damage.
You barely miss the orc priest.
The orc priest invokes the aid of Beogh against you.
Pain shoots through your body! The orc barely misses you.
The orc hits you but does no damage.
You sock the orc!
You kill the orc!
The orc hits you with a +1 vorpal flail!
You hit the orc.
The orc is severely wounded.
You block the orc's attack.
You completely miss the orc.
The orc is severely wounded.
You closely miss the orc.
The orc is severely wounded.
You block the orc's attack.
You closely miss the orc.
The orc is severely wounded.
The orc priest calls down the wrath of Beogh upon you.
You are unaffected.
The orc hits you with a +1 vorpal flail.
You block the orc priest's attack. The orc hits you but does no damage.
You are too injured to fight recklessly!
You are too injured to fight recklessly!
You hit the orc.
You kill the orc!
The orc priest hits you but does no damage.
You hit the orc priest.
The orc priest is moderately wounded.
The orc priest hits you but does no damage.
You barely miss the orc priest.
The orc priest is moderately wounded.
The kobold closely misses you.
The orc priest invokes the aid of Beogh against you.
Pain shoots through your body!
You barely miss the kobold.
The orc priest mumbles some strange prayers to Beogh against you.
Beogh smites you!
You die...

##..# #####...##
.........#####..
########........
#..#####.. ##..#
#..## ##..#
#o@## #K## #oo#
#.## .. ... ....
..... K..o..


You could see an orc priest, 2 orcs and a kobold.

Vanquished Creatures
  2 bullfrogs (Sewer)
  8 adders
  7 river rats (Sewer)
  A worm (D:2)
  2 dart slugs
  4 orcs
  17 ball pythons
  4 endoplasms
  7 giant cockroaches
  A goblin (D:1)
  2 hobgoblins
  6 jackals
  6 quokkas
  3 bats
  4 frilled lizards
  2 kobolds (D:2)
  27 rats
103 creatures vanquished.

Notes
Turn   | Place    | Note
-------+----------+-------------------------------------------
     0 | D:1      | AeshMezareph the Gargoyle Fighter began the quest for the
                  | Orb.
     0 | D:1      | Reached XP level 1. HP: 14/14 MP: 1/1
    87 | D:1      | Reached XP level 2. HP: 19/19 MP: 2/2
   628 | D:2      | Reached XP level 3. HP: 23/23 MP: 3/3
  1241 | D:3      | Found an ornate altar of the Wu Jian Council.
  1262 | D:3      | Reached XP level 4. HP: 29/29 MP: 4/4
  1269 | D:3      | Found a snail-covered altar of Cheibriados.
  1319 | D:3      | Found an opulent altar of Gozag.
  1709 | D:3      | Found a glowing drain.
  1731 | Sewer    | Entered a sewer
  1806 | Sewer    | Reached XP level 5. HP: 13/33 MP: 5/5
  2260 | Sewer    | Reached XP level 6. HP: 29/39 MP: 6/6
  2786 | D:4      | Killed from afar by an orc priest

Illustrated notes

Levels and vault maps discovered:
D:1:      heliophobic_arrival_enchanted_forest, layout_rooms,
          minmay_pentomino_u2
D:2:      layout_loops_ring
D:3:      layout_basic, cheibriados_altar_1, nicolae_wu_jian_wuxing_cycle,
          lemuel_round_altar, gup_sewer_entry_pipe, dk_noncrumbling_4
D:4:      layout_cave_pods, uniq_crazy_yiuf_cottage, uniq_robin

Skill      XL: |  1  2  3  4 |
---------------+-------------+-----
Fighting       | 4 |  4.9
Shields        | 4 |  4.8
Armour         | 4 |  4.8
Maces & Flails | 3 |  3.8

Action                   |  1- 3 |  4- 6 || total
-------------------------+-------+-------++-------
Melee: Flail             |   116 |   236 ||   352
Armor: Scale mail        |    27 |       ||    27
       Chain mail        |    59 |   137 ||   196
       Plate armour      |       |   134 ||   134
Dodge: Dodged            |    51 |   142 ||   193
Block: Buckler           |    28 |    88 ||   116

Table legend: (Time is in decaauts)
 A = Elapsed time spent in this place.
 B = Non-inter-level travel time spent in this place.
 C = Inter-level travel time spent in this place.
 D = Time resting spent in this place.
 E = Time spent auto-exploring this place.
 F = Levels seen in this place.
 G = Mean time per level.
                   A        B        C        D        E       F      G
               +--------+--------+--------+--------+--------+-----+--------+
         Total |   2941 |   2621 |    320 |    130 |   1439 |   5 |  588.2 |
       Dungeon |   2239 |   1919 |    320 |      0 |   1322 |   4 |  559.8 |
         Sewer |    702 |    702 |      0 |    130 |    117 |   1 |  702.0 |
               +--------+--------+--------+--------+--------+-----+--------+

Top non-repeatable levels by time:
     D:3: 921 daAuts
   Sewer: 702 daAuts
     D:2: 629 daAuts
     D:1: 591 daAuts
     D:4: 96 daAuts
